 Dungeon Crawl Stone Soup version 0.30-a0-605-gb2882149bf (webtiles) character file.

Game seed: 7463408722689962555

182 bmack86 the Trooper (level 5, -3/47 HPs)
             Began as a Minotaur Fighter on Jan 7, 2023.
             Was an Initiate of Okawaru.
             Slain by an orc warrior
             ... wielding a +0 trident
              (6 damage)
             ... on level 4 of the Dungeon.
             The game lasted 00:06:00 (2126 turns).

bmack86 the Trooper (Minotaur Fighter)              Turns: 2126, Time: 00:06:00

Health: -3/47      AC:  9    Str: 23    XL:     5   Next: 35%
Magic:  4/4        EV:  7    Int:  5    God:    Okawaru [......]
Gold:   97         SH:  4    Dex:  9    Spells: 4/4 levels left

rFire   . . .      SeeInvis .    a - +0 war axe
rCold   . . .      Faith    .    c - +0 buckler
rNeg    . . .      Spirit   .    q - +0 chain mail
rPois   .          Reflect  .    (helmet restricted)
rElec   .          Harm     .    (no cloak)
rCorr   +          Rampage  .    (no gloves)
Will    .....                    (no boots) Stlth
                                 (no amulet)
HPRegen 0.27/turn                e - ring of resist corrosion
MPRegen 0.09/turn                (no ring)

@: no status effects
A: horns 2, retaliatory headbutt
a: Renounce Religion


You were on level 4 of the Dungeon.
You worshipped Okawaru.
Okawaru was noncommittal.
You visited 1 branch of the dungeon, and saw 5 of its levels.

You collected 97 gold pieces.

Inventory:

Hand Weapons
 a - a +0 war axe (weapon)
Missiles
 h - 2 poisoned darts (quivered)
Armour
 b - a +0 scale mail
 c - a +0 buckler (worn)
 q - a +0 chain mail (worn)
Jewellery
 e - a ring of resist corrosion (left hand)
Scrolls
 i - a scroll of poison
 l - a scroll of fear {unknown}
 m - a scroll of fog {unknown}
 p - a scroll of teleportation {unknown}
 r - a scroll of enchant armour {unknown}
 s - a scroll of blinking {unknown}
Potions
 d - 2 potions of might
 f - 6 potions of heal wounds
 g - 3 potions of lignification
 k - a potion of cancellation {unknown}
 n - 2 potions of attraction {unknown}
 t - 2 potions of curing {unknown}


   Skills:
 * Level 4.9 Fighting
 * Level 4.1 Axes
 + Level 1.5 Throwing
 + Level 4.3 Armour
 + Level 4.4 Shields


You had 4 spell levels left.
You didn't know any spells.
Your spell library was empty.

Dungeon Overview and Level Annotations

Branches:
Dungeon (5/15)
 Temple: D:4-7

Altars:
Okawaru


Innate Abilities, Weirdness & Mutations

You have a pair of horns on your head.
You reflexively headbutt those who attack you in melee.


Message History

There is a stone staircase leading down here.
An orc wizard comes into view. It is wielding a +0 dagger.
The orc wizard shouts!
You hear a shout!
An orc comes into view. It is wielding a +0 short sword.
The orc shouts!
The orc wizard casts a spell at you. The puff of flame hits you.
An orc warrior comes into view. It is wielding a +0 trident.
The orc hits you with a +0 short sword.
The orc wizard hits you with a +0 dagger.
The orc warrior hits you from afar with a +0 trident.
You hit the orc.
The orc is severely wounded.
You hit the orc wizard.
The orc wizard hits you but does no damage.
The orc warrior unwields a +0 trident.
The orc warrior wields a +0 arbalest.
The orc warrior shoots a bolt.
The bolt hits you! The orc hits you with a +0 short sword.
The orc wizard gestures wildly while chanting.
The orc wizard flickers and vanishes!
Deactivating autopickup; reactivate with Ctrl-A.
The orc warrior unwields a +0 arbalest.
The orc warrior wields a +0 trident.
The orc warrior hits you with a +0 trident!
* * * LOW HITPOINT WARNING * * *
You hit the orc warrior.
The orc warrior is lightly wounded.
You slash the orc!
You kill the orc!
Okawaru accepts your kill.
You miss something. Something hits you.
* * * LOW HITPOINT WARNING * * *
The orc warrior hits you with a +0 trident!
* * * LOW HITPOINT WARNING * * *
You block something's attack.
You slash the orc warrior!
The orc warrior is heavily wounded.
You hit something. The orc warrior barely misses you.
Something hits you but does no damage.
The orc warrior hits you with a +0 trident.
You die...

*,**#.#.#######..#***** *
*,* #.#.......#..#,,,,***
*,* #....####.#...,,,,*,,
**,######....#,#.#..,,,*,,
*,,#......##.#,#.##.,,,*,,
**,#.####.#*,#,#.#*..,,***
*,*,####.#*,*,*,***,*** *
*,*,#..).#,,*,*,* *,* *
*,*,#..{@#,**,*,* *,*****
*,*,#..$o#,<*,*,* *,,,,,,
*,*,#.....,**,*,* **,,,,,
*,*,##.....,,,*,****,,,,,
*,*,*#.....#**,,,,**,,,,,
*,*,*#.....# *,,,,*******
*,*,*#.....# *,,,,+,,,,,,
*,*,*#.....# *,,,,*******
*,*,**,,,,,* *,,,,*******


You could see an orc warrior.

Vanquished Creatures
  A hound (D:4)
  An orc priest (D:3)
  Jessica (D:3)
  3 adders
  A white imp (D:3)
  A worm (D:3)
  2 dart slugs
  4 orcs
  4 ball pythons
  3 bats
  3 endoplasms
  4 giant cockroaches
  3 goblins
  5 hobgoblins
  2 jackals (D:3)
  4 quokkas
  2 frilled lizards (D:2)
  2 kobolds
  6 rats
52 creatures vanquished.

Vanquished Creatures (others)
  4 plants (D:2)
4 creatures vanquished.

Grand Total: 56 creatures vanquished

Notes
Turn   | Place    | Note
-------+----------+-------------------------------------------
     0 | D:1      | bmack86 the Minotaur Fighter began the quest for the Orb.
     0 | D:1      | Reached XP level 1. HP: 19/19 MP: 0/0
   107 | D:1      | Reached XP level 2. HP: 26/27 MP: 1/1
   302 | D:1      | You fall into a shaft and drop 1 floor!
   332 | D:2      | Reached XP level 3. HP: 25/33 MP: 2/2
  1141 | D:3      | Reached skill level 1 in Throwing
  1146 | D:3      | Reached XP level 4. HP: 27/41 MP: 3/3
  1547 | D:3      | Noticed Jessica
  1552 | D:3      | Killed Jessica
  1553 | D:3      | Reached XP level 5. HP: 44/47 MP: 4/4
  1559 | D:3      | Found a faded altar of an unknown god.
  2067 | D:5      | Entered Level 5 of the Dungeon
  2074 | D:5      | Found an iron altar of Okawaru.
  2077 | D:5      | Became a worshipper of Warmaster Okawaru
  2120 | D:4      | Noticed an orc warrior
  2126 | D:4      | Slain by an orc warrior

Illustrated notes

Levels and vault maps discovered:
D:1:      nzn_arrival_crosshair, layout_rooms
D:2:      layout_basic, serial_bayou_ford_a
D:3:      layout_basic, dreamdust_ecumenical_altar_angels_and_demons,
          minmay_door_square, uniq_jessica
D:4:      layout_basic, kennysheep_generic_room_5
D:5:      minmay_recursive_quarters, layout_basic, overflow_temple_1_default

Skill      XL: |  1  2  3  4 |
---------------+-------------+-----
Fighting       | 4 |  4.9
Axes           | 3 4 |  4.1
Throwing       | 1 |  1.5
Shields        | 4 |  4.4
Armour         | 4 |  4.3

Action                   |  1- 3 |  4- 6 || total
-------------------------+-------+-------++-------
Melee: War axe           |    85 |    39 ||   124
       Headbutt          |     5 |     4 ||     9
  Use: Scroll            |       |     5 ||     5
Armor: Scale mail        |    46 |       ||    46
       Chain mail        |     8 |    23 ||    31
Dodge: Dodged            |    58 |    19 ||    77
Block: Buckler           |    30 |    15 ||    45

Table legend: (Time is in decaauts)
 A = Elapsed time spent in this place.
 B = Non-inter-level travel time spent in this place.
 C = Inter-level travel time spent in this place.
 D = Time resting spent in this place.
 E = Time spent auto-exploring this place.
 F = Levels seen in this place.
 G = Mean time per level.
                   A        B        C        D        E       F      G
               +--------+--------+--------+--------+--------+-----+--------+
         Total |   2181 |   2135 |     46 |      0 |   1401 |   5 |  436.2 |
       Dungeon |   2181 |   2135 |     46 |      0 |   1401 |   5 |  436.2 |
               +--------+--------+--------+--------+--------+-----+--------+

Top non-repeatable levels by time:
     D:3: 1008 daAuts
     D:2: 616 daAuts
     D:1: 465 daAuts
     D:4: 72 daAuts
     D:5: 17 daAuts
